 Dungeon Crawl Stone Soup version 0.31-a0-672-g7da72447bb (webtiles) character file.

Game seed: 6956113631866233028

350 heikuro the Stinger (level 6, -7/33 (41) HPs)
             Began as a Formicid Venom Mage on Sept 4, 2023.
             Mangled by a water moccasin (8 damage)
             ... in a sewer.
             The game lasted 00:17:11 (3834 turns).

heikuro the Stinger (Formicid Venom Mage)           Turns: 3834, Time: 00:17:12

HP:   -7/33 (41)    AC:  2    Str: 18    XL:     6   Next: 92%
MP:   3/11          EV: 12    Int: 17    God:
Gold: 80            SH:  0    Dex: 14    Spells: 5/12 levels left

rFire   + . .        b - +0 sling
rCold   . . .        (no shield)
rNeg    . . .        c - +0 robe
rPois   .            (helmet unavailable)
rElec   .            m - scarf {+Inv}
rCorr   .            (no gloves)
SInv    +            (no boots)
Will    .....        s - amulet of regeneration
Stlth   +++          e - ring of protection from fire
HPRegen 1.05/turn    D - +6 ring of strength
MPRegen 0.12/turn

%: no passive effects
@: lethally poisoned (-7 -> -9), very slightly contaminated, heavily drained
A: permanent stasis, dig shafts and tunnels, antennae 3, four strong arms
a: Dig, Evoke Invisibility


You were in a sewer.
You visited 1 branch of the dungeon, and saw 4 of its levels.
You also visited: Sewer.

You collected 80 gold pieces.

Inventory:

Hand Weapons
 b - a +0 sling (weapon)
 g - a +0 spear
 p - a +2 dagger of draining
Missiles
 w - 6 poisoned darts
Armour
 c - a +0 robe (worn)
 m - a scarf of invisibility (worn)
 x - a +0 ring mail
Magical Staves
 a - a staff of cold
 t - a staff of death
Jewellery
 e - a ring of protection from fire (left hand)
 s - an amulet of regeneration (around neck)
 D - a +6 ring of strength (right hand)
Wands
 q - a wand of flame (27)
Scrolls
 j - a scroll of torment {unknown}
 k - a scroll of revelation {unknown}
 l - a scroll of blinking {unknown}
 o - 3 scrolls of vulnerability {unknown}
 u - a scroll of teleportation {unknown}
 y - 3 scrolls of enchant weapon {unknown}
 B - 2 scrolls of identify
 C - a scroll of amnesia {unknown}
Potions
 d - a potion of magic
 f - 2 potions of curing
 h - a potion of invisibility
 i - 3 potions of enlightenment
 n - a potion of might {unknown}
 r - 2 potions of heal wounds {unknown}
 v - a potion of brilliance {unknown}
 z - a potion of resistance {unknown}
 A - a potion of lignification {unknown}


   Skills:
 + Level 0.9 Staves
 + Level 2.2 Armour
 - Level 2.0 Dodging
 + Level 4.1 Stealth
 + Level 3.9 Spellcasting
 * Level 2.9 Transmutations
 - Level 1.0 Air Magic
 + Level 5.3 Poison Magic


You had 5 spell levels left.
You knew the following spells:

 Your Spells              Type           Power      Damage    Failure   Level
a - Sting                 Tmut/Pois      68%        1d6       3%          1
b - Poisonous Vapours     Pois/Air       28%        N/A       7%          2
c - Olgreb's Toxic Radia  Pois           21%        N/A       19%         4

Your spell library contained the following spells:

 Spells                   Type           Power      Damage    Failure   Level
 Apportation              Tloc           6%         N/A       16%         1
 Necrotise                Necr           12%        1d4       16%         1
 Summon Small Mammal      Summ           12%        N/A       16%         1
 Mephitic Cloud           Conj/Pois/Air  10%        N/A       21%         3
 Inner Flame              Hex/Fire       3%         N/A       43%         3
 Flame Wave               Conj/Fire      3%         2d5       85%         4
 Sticky Flame             Conj/Fire      3%         2d3       85%         4


Dungeon Overview and Level Annotations

Branches:
Dungeon (4/15)              Sewer (1/1)
 Temple: D:4-7

Altars:
Kikubaaqudgha
Okawaru
Uskayaw


Innate Abilities, Weirdness & Mutations

You cannot be hasted, slowed, berserked, paralysed or teleported.
You can dig through walls and to a lower floor.
You have a pair of large antennae on your head. (SInv)
Your four strong arms can wield two-handed weapons with a shield.


Message History

Casting: Sting (safe; 3% risk of failure)
Confirm with . or Enter, or press ? or * to list all spells.
Aiming: Sting (safe; 3% risk of failure)
Press: ? - help, Shift-Dir - straight line, f/p - water moccasin
Aim: a water moccasin (lightly wounded, poisoned, 57% to hit)
The sting misses the water moccasin.
You feel very sick. The water moccasin closely misses you.
The water moccasin completely misses you.
Unknown command.
Casting: Sting (safe; 3% risk of failure)
Confirm with . or Enter, or press ? or * to list all spells.
Aiming: Sting (safe; 3% risk of failure)
Press: ? - help, Shift-Dir - straight line, f/p - water moccasin
Aim: a water moccasin (lightly wounded, poisoned, 57% to hit)
The sting hits the water moccasin.
The water moccasin partially resists.
The water moccasin is moderately wounded.
You feel sick. The water moccasin bites you!
You are more poisoned.
The water moccasin poisons you!
You shoot a sling bullet.
The sling bullet misses the water moccasin.
You feel very sick. The water moccasin closely misses you.
The water moccasin bites you.
You shoot a sling bullet.
The sling bullet hits the water moccasin but does no damage.
The water moccasin is moderately wounded.
You feel very sick. The water moccasin bites you.
* * * LOW HITPOINT WARNING * * *
The water moccasin bites you but does no damage.
Unknown command.
Unknown command.
You shoot a sling bullet.
The sling bullet misses the water moccasin.
* * * LOW HITPOINT WARNING * * *
You feel very sick.
The water moccasin looks more healthy.
The water moccasin misses you. The water moccasin bites you!
You die...

#.# ####### #.#
##.....## #.#
#...≈...## #.#
...≈≈≈...#######.#
∩.≈≈≈≈≈..........#
...≈≈≈...#######.#
#...≈...## #.#
##.....## #@#
####### #S# ...
..... .......
#.......#
#.......#
#..$$$..#


You could see a water moccasin.

Vanquished Creatures
  Sigmund (D:2)
  A howler monkey (D:4)
  A river rat (D:4)
  4 adders
  2 worms (D:3)
  4 dart slugs
  6 ball pythons
  6 endoplasms
  4 giant cockroaches
  11 goblins
  4 hobgoblins
  7 jackals (D:2)
  6 kobolds
  5 quokkas
  12 bats
  4 frilled lizards
  27 rats
105 creatures vanquished.

Notes
Turn   | Place    | Note
-------+----------+-------------------------------------------
     0 | D:1      | heikuro the Formicid Venom Mage began the quest for the
                  | Orb.
     0 | D:1      | Reached XP level 1. HP: 13/13 MP: 3/3
   294 | D:1      | Reached XP level 2. HP: 19/19 MP: 5/5
   297 | D:1      | Learned a level 2 spell: Poisonous Vapours
   670 | D:1      | Reached XP level 3. HP: 24/24 MP: 6/6
  1308 | D:2      | Reached XP level 4. HP: 30/30 MP: 3/8
  1421 | D:2      | Learned a level 4 spell: Olgreb's Toxic Radiance
  1518 | D:2      | Noticed Sigmund
  1531 | D:2      | Killed Sigmund
  1532 | D:2      | Reached skill level 1 in Armour
  1532 | D:2      | Reached skill level 1 in Air Magic
  1532 | D:2      | Reached XP level 5. HP: 16/35 MP: 2/10
  1532 | D:2      | Reached XP level 6. HP: 19/41 MP: 2/11
  2158 | D:2      | Reached skill level 5 in Poison Magic
  2611 | D:3      | Found an ancient bone altar of Kikubaaqudgha.
  2762 | D:3      | Found a hide-covered altar of Uskayaw.
  3619 | D:4      | Found an iron altar of Okawaru.
  3786 | D:4      | Found a glowing drain.
  3797 | Sewer    | Entered a sewer
  3824 | Sewer    | Noticed a water moccasin
  3834 | Sewer    | HP: 1/33 [poisoned by a water moccasin]
  3834 | Sewer    | Mangled by a water moccasin

Illustrated notes

Levels and vault maps discovered:
D:1:      evilmike_arrival_fibonacci_small, layout_basic,
          minmay_misc_feat_nine_boxes
D:2:      layout_loops_ring, uniq_sigmund
D:3:      layout_loops_ring, mainiacjoe_overflow_concentric_impassable,
          eat_drink_and_be_merry_uskayaw
D:4:      layout_cave_pools, kennysheep_okawaru_gauntlet, portal_sewer_entry_c,
          chequers_ossuary_entry_cave, minmay_rat_hole
Sewer:    sewer_big_baddie

Skill      XL: |  1  2  3  4  5  6 |
---------------+-------------------+-----
Dodging        | 2 |  2.0
Stealth        | 3 4 |  4.1
Spellcasting   | 3 |  3.9
Armour         | 1 2 |  2.2
Transmutations | 2 |  2.9
Air Magic      | 1 |  1.0
Poison Magic   | 5 |  5.3
Staves         | |  0.9

Action                     |  1- 3 |  4- 6 || total
---------------------------+-------+-------++-------
  Melee: Staff             |    21 |    44 ||    65
         Punch             |       |     2 ||     2
   Fire: Sling             |    24 |    29 ||    53
   Cast: Sting             |    14 |    42 ||    56
         Poisonous Vapours |    11 |    35 ||    46
         Olgreb's Toxic Ra |       |     3 ||     3
Ability: Dig               |       |     8 ||     8
    Use: Scroll            |       |     3 ||     3
 Armour: Robe              |    13 |    44 ||    57
  Dodge: Dodged            |    31 |    46 ||    77

Table legend: (Time is in decaauts)
 A = Elapsed time spent in this place.
 B = Non-inter-level travel time spent in this place.
 C = Inter-level travel time spent in this place.
 D = Time resting spent in this place.
 E = Time spent auto-exploring this place.
 F = Levels seen in this place.
 G = Mean time per level.
                   A        B        C        D        E       F      G
               +--------+--------+--------+--------+--------+-----+--------+
         Total |   3855 |   3772 |     83 |    469 |   1983 |   5 |  771.0 |
       Dungeon |   3817 |   3734 |     83 |    469 |   1983 |   4 |  954.2 |
         Sewer |     38 |     38 |      0 |      0 |      0 |   1 |   38.0 |
               +--------+--------+--------+--------+--------+-----+--------+

Top non-repeatable levels by time:
     D:2: 1400 daAuts
     D:1: 1108 daAuts
     D:3: 1070 daAuts
     D:4: 238 daAuts
   Sewer: 38 daAuts
